Map: Dusk Towers

Players

ILLBdA

  • Race: Terran Terran
  • League: Diamond

llllllllllll - Winner!

  • Race: Terran Terran
  • League: Diamond

VOD

Have the link to the VOD?

Description

Time

  • Played on: Dec. 17, 2015, 9:44 a.m.
  • Length: 4:00
Show
View Real Time Build Order
Export as new Build Order

ILLBdA Terran 

Build Orders:  

Get SALT Encoding   

  12  0:00  SCV  
  13  0:13  SCV  
  14  0:19  Supply Depot  
  14  0:25  SCV  
  15  0:41  Barracks  
  15  0:42  Refinery  
  15  0:43  SCV  
  16  1:06  Barracks  
  16  1:10  Barracks  
  16  1:28  Orbital Command  
  16  1:30  Reaper  
  17  1:45  Refinery  
  17  1:54  Reaper  
  18  2:09  Reaper  
  19  2:19  Supply Depot  
  19  2:20  Reaper  
  20  2:28  Reaper  
  21  2:33  SCV  
  22  2:42  Reaper  
  23  2:55  Reaper  
  24  3:02  Bunker  
  21  3:07  Reaper  
  21  3:14  Reaper  
  21  3:27  Reaper  
  22  3:37  Command Center  
Show
View Real Time Build Order
Export as new Build Order

llllllllllll Terran - Winner!

Build Orders: 1/1/1, Liberator Opening 

Get SALT Encoding   

  12  0:00  SCV  
  13  0:13  SCV  
  14  0:20  Supply Depot  
  14  0:25  SCV  
  15  0:31  Refinery  
  15  0:42  SCV  
  16  0:45  Barracks  
  16  0:54  SCV  
  16  0:56  Refinery  
  17  1:06  SCV  
  18  1:18  SCV  
  19  1:31  Orbital Command  
  19  1:34  Factory  
  19  1:38  Marine  
  20  1:53  Engineering Bay  
  20  1:56  Marine  
  22  2:09  Supply Depot  
  22  2:14  Barracks Reactor  
  21  2:21  Starport  
  20  2:27  Hellion  
  22  2:31  SCV  
  23  2:43  SCV  
  24  2:55  SCV  
  25  2:58  Liberator  
  25  3:07  SCV  
  25  3:12  Marine x2  
  27  3:13  Hellion  
  31  3:30  Supply Depot  
  31  3:31  Marine x2  
Tags
 
Add a new tag
Caveats
  • Supply blocks, unpowered buildings, or Contaminate may cause inaccurate times.
  • Supply counts are checked every 10 seconds.